 Dungeon Crawl Stone Soup version 0.28.0 (webtiles) character file.

Game seed: 12264406424696076573

103 SnakkuSnakku7 the Skirmisher (level 4, -7/38 HPs)
             Began as a Mummy Delver on Feb 14, 2022.
             Mangled by a gnoll (8 damage)
             ... on level 6 of the Dungeon.
             The game lasted 00:02:03 (469 turns).

SnakkuSnakku7 the Skirmisher (Mummy Delver)          Turns: 469, Time: 00:02:04

Health: -7/38      AC:  5    Str: 17    XL:     4   Next: 51%
Magic:  4/4        EV: 11    Int:  9    God:
Gold:   0          SH:  0    Dex: 13    Spells: 3/3 levels left

rFire   x . .      SeeInvis .   a - +0 mace
rCold   + . .      Faith    .   (no shield)
rNeg    + + +      Spirit   .   g - +0 ring mail
rPois   ∞          Reflect  .   (no helmet)
rElec   .          Harm     .   (no cloak)
rCorr   .          Rampage  .   (no gloves)
Will    .....                   (no boots)
Stlth   ++........              (no amulet)
HPRegen 0.12/turn               (no ring)
MPRegen 0.09/turn               (no ring)

@: no status effects
A: cold resistance 1, negative energy resistance 3, torment resistance 2, heat
vulnerability 1, no potions
a: no special abilities


You were on level 6 of the Dungeon.
You visited 1 branch of the dungeon, and saw 2 of its levels.
You also visited: Ossuary.

Inventory:

Hand Weapons
 a - a +0 mace (weapon)
Armour
 b - a +0 leather armour
 g - a +0 ring mail (worn)
Wands
 d - a wand of flame (15)
 f - a wand of digging (3)
Scrolls
 c - 2 scrolls of fog
 e - a scroll of fear
 h - 3 scrolls of identify {unknown}
 i - a scroll of enchant armour {unknown}


   Skills:
 + Level 4.3 Fighting
 + Level 3.0 Maces & Flails
 - Level 1.5 Dodging
 - Level 4.1 Stealth


You had 3 spell levels left.
You didn't know any spells.
Your spell library was empty.

Dungeon Overview and Level Annotations

Branches:
Dungeon (6/15)            Ossuary (visited)
 Temple: D:4-7

Altars:


Innate Abilities, Weirdness & Mutations

You are immune to poison.
Your flesh is cold resistant. (rC+)
You are immune to negative energy. (rN+++)
You are immune to unholy pain and torment.
You are vulnerable to heat. (rF-)
You do not drink.


Message History

Okay, then.
Found a stone staircase leading down.
Found a scroll labelled YRYKLI HI GONT.
Found a robe.
i - a scroll labelled YRYKLI HI GONT An orc comes into view.
It is wielding a +0 flail.
The orc shouts!
A scorpion comes into view.
A gnoll comes into view. It is wielding a +0 flail.
Found an escape hatch in the ceiling.
The gnoll shouts!
You hear a shout!
The orc hits you but does no damage. The orc barely misses you.
You closely miss the orc. The orc barely misses you.
You hit the orc.
The orc is heavily wounded.
The orc hits you with a +0 flail.
You are too injured to fight recklessly!
You are too injured to fight recklessly!
You are too injured to fight recklessly!
You are too injured to fight recklessly!
You closely miss the orc.
The orc is heavily wounded.
The orc hits you with a +0 flail!
* * * LOW HITPOINT WARNING * * *
You sock the orc!
You kill the orc!
You hear the quick rusting of a very distant drain.
The gnoll barely misses you.
You hit the gnoll but do no damage. Your punch misses the gnoll.
The gnoll hits you with a +0 flail.
* * * LOW HITPOINT WARNING * * *
You hit the gnoll.
The gnoll is moderately wounded.
The gnoll hits you with a +0 flail!
* * * LOW HITPOINT WARNING * * *
You hit the gnoll.
The gnoll is heavily wounded.
The gnoll hits you with a +0 flail!
You die...

#..#......#
#...#.....#
#...#.....#
#..>......#
####....###
#.#### #.#
#g#
##########@#
#..........#
#.##########
#.#......#
#...##.#
####...#
#.#.#
####.#.#
#......#


You could see a gnoll.

Vanquished Creatures
  A centaur zombie (Ossuary)
  A centaur skeleton (D:5)
  An iguana (D:5)
  2 orcs
  8 hobgoblin zombies (Ossuary)
  7 kobold zombies (Ossuary)
  7 orc zombies (Ossuary)
27 creatures vanquished.

Notes
Turn   | Place    | Note
-------+----------+-------------------------------------------
     0 | D:5      | SnakkuSnakku7 the Mummy Delver began the quest for the Orb.
     0 | D:5      | Reached XP level 1. HP: 18/18 MP: 1/1
    51 | D:5      | Reached XP level 2. HP: 14/24 MP: 2/2
    80 | D:5      | Reached XP level 3. HP: 17/30 MP: 3/3
    88 | D:5      | Found a sand-covered staircase.
    97 | Ossuary  | Entered an ossuary
   199 | Ossuary  | Reached XP level 4. HP: 16/37 MP: 4/4
   450 | D:6      | Noticed a scorpion
   468 | D:6      | HP: 1/38 [gnoll (9)]
   469 | D:6      | Mangled by a gnoll

Illustrated notes

Levels and vault maps discovered:
D:5:      layout_rooms, lightli_ossuary_entry_decrepit_ruins
D:6:      layout_basic, nicolae_sif_muna_condensation,
          lightli_sewer_entry_pipes, gammafunk_ghost_arena

Skill      XL: |  1  2  3  4 |
---------------+-------------+-----
Maces & Flails | 2 3 |  3.0
Fighting       | 4 |  4.3
Dodging        | |  1.5
Stealth        | |  4.1

Action                   |  1- 3 |  4- 6 || total
-------------------------+-------+-------++-------
Melee: Mace              |    71 |    33 ||   104
       Punch             |     1 |       ||     1
Evoke: Wand              |     4 |       ||     4
  Use: Scroll            |     1 |       ||     1
 Stab: Sleeping          |     1 |       ||     1
Armor: Ring mail         |    45 |    21 ||    66
Dodge: Dodged            |    73 |    30 ||   103
